Map: Galactic Process LE

Players

LickbleNiple

  • Race: Terran Terran
  • League: Gold
  • Spawn Location: 7:00

Fropez - Winner!

  • Race: Protoss Protoss
  • League: Gold
  • Spawn Location: 1:00

VOD

Have the link to the VOD?

Description

Time

  • Played on: Oct. 7, 2016, 5:09 p.m.
  • Length: 1:28
Show
View Real Time Build Order
Export as new Build Order

LickbleNiple Terran 

Build Orders:  

Get SALT Encoding   

  12  0:02  SCV  
  14  0:21  Supply Depot  
  13  0:25  SCV  
  13  0:27  Refinery  
  14  0:37  SCV  
  15  0:45  Barracks  
  16  0:50  SCV  
  16  1:02  SCV  
  17  1:07  Supply Depot  
  17  1:14  SCV  
Show
View Real Time Build Order
Export as new Build Order

Fropez Protoss - Winner!

Build Orders:  

Get SALT Encoding   

  12  0:01  Probe (Chrono Boost)  
  13  0:18  Probe (Chrono Boost)  
  13  0:19  Pylon  
  14  0:29  Probe (Chrono Boost)  
  15  0:38  Gateway  
  15  0:39  Probe (Chrono Boost)  
  17  0:50  Probe (Chrono Boost)  
  17  0:53  Assimilator  
  17  1:00  Probe (Chrono Boost)  
  18  1:11  Probe (Chrono Boost)  
  19  1:18  Pylon  
Tags
 
League
GoldGold
Matchup
PvT
Replay Pack
All Mines
Spawn Locations
Cross Positions
Add a new tag
Caveats
  • Supply blocks, unpowered buildings, or Contaminate may cause inaccurate times.
  • Supply counts are checked every 10 seconds.